 Dungeon Sprint DCSS version 0.28.0-53-g5a82cb258f (webtiles) character file.

Game seed: 3943657408584449834

1382 Groucho the Pandemonic (level 8, -12/76 (81) HPs)
             Began as a Deep Dwarf Fighter on July 19, 2022.
             Was a High Priest of Makhleb.
             Killed from afar by an orc sorcerer (32 damage)
             ... with a bolt of negative energy
             ... in the Dungeon (Sprint VII: "The Pits").
             The game lasted 00:05:23 (2054 turns).

Groucho the Pandemonic (Deep Dwarf Fighter)         Turns: 2054, Time: 00:05:24

HP:   -12/76 (81)   AC: 18    Str: 24    XL:     8   Next: 40%
MP:   15/15         EV:  7    Int: 13    God:    Makhleb [*****.]
Gold: 0             SH:  6    Dex: 12    Spells: 7/7 levels left

rFire   . . .      SeeInvis .   b - +5 war axe
rCold   . . .      Faith    .   c - +0 buckler
rNeg    . . .      Spirit   .   a - +3 plate armour
rPois   .          Reflect  .   t - +0 helmet
rElec   .          Harm     .   (no cloak)
rCorr   .          Rampage  .   (no gloves)
Will    +....      NoTele   +   (no boots)
Stlth   ..........              (no amulet)
HPRegen 0.00/turn               f - +3 ring of intelligence
MPRegen 0.14/turn               k - +3 ring of strength

@: drained
A: damage resistance, heal wounds, sense surroundings 1, no regeneration
a: Heal Wounds, Renounce Religion, Minor Destruction, Lesser Servant of Makhleb,
Major Destruction, Greater Servant of Makhleb


You were in the Dungeon.
You worshipped Makhleb.
Makhleb was extremely pleased with you.
You visited 1 branch

Inventory:

Hand Weapons
 b - a +5 war axe (weapon)
 s - a +2 morningstar of flaming
Missiles
 m - 12 stones
Armour
 a - a +3 plate armour (worn)
 c - a +0 buckler (worn)
 t - a +0 helmet (worn)
Jewellery
 f - a +3 ring of intelligence (left hand)
 k - a +3 ring of strength (right hand)
Scrolls
 j - a scroll of blinking
 n - 5 scrolls of amnesia
 o - a scroll of summoning
Potions
 d - 2 potions of might
 e - 10 potions of curing
 g - 2 potions of haste
 h - 4 potions of magic
 i - 4 potions of berserk rage
 l - 2 potions of invisibility
 p - 2 potions of heal wounds
 r - a potion of mutation


   Skills:
 + Level 8.2 Fighting
 + Level 9.5 Axes
 + Level 9.9 Armour
 + Level 9.9 Shields
 + Level 10.8 Invocations


You had 7 spell levels left.
You didn't know any spells.
Your spell library was empty.

Dungeon Overview and Level Annotations

Branches:
Dungeon (1/1)

Altars:
Ashenzari
Cheibriados
Dithmenos
Elyvilon
Fedhas
Gozag
Hepliaklqana
Kikubaaqudgha
Makhleb
Nemelex Xobeh
Okawaru
Qazlal
Ru
Sif Muna
Trog
Uskayaw
Vehumet
Wu Jian
Xom
Yredelemnul
Zin
The Shining One
Beogh
Jiyva
Lugonu


Innate Abilities, Weirdness & Mutations

You are resistant to damage.
You can heal yourself by infusing magical energy.
You passively map a small area around you.
You do not regenerate.


Message History

You see here a +2 rapier of venom.
You see here a +2 vorpal war axe.
There is an open door here.
There is an open door, spattered with blood here.
There is an open door here.
There is an open door here.
Things that are here:
a +0 halberd; a +0 robe
Things that are here:
a +0 great sword; a +0 robe
There is an open door here.
Things that are here:
a +2 hand axe of freezing; a +2 mace; a +0 robe
There is an open door here.
There is an open door to the Storerooms (Easy) here.
You open the huge gate.
A phantasmal warrior and an orc sorcerer come into view.
The orc sorcerer shouts!
The phantasmal warrior gestures at you.
The phantasmal warrior blinks!
You slash the phantasmal warrior!
The phantasmal warrior is lightly damaged.
The phantasmal warrior hits you.
You hit the phantasmal warrior but do no damage.
The phantasmal warrior is lightly damaged.
You block the phantasmal warrior's attack.
You barely miss the phantasmal warrior.
The phantasmal warrior is lightly damaged.
The phantasmal warrior hits you!!
You barely miss the phantasmal warrior.
The phantasmal warrior is lightly damaged.
The phantasmal warrior hits you!
* * * LOW HITPOINT WARNING * * *
A demon appears!
The phantasmal warrior closely misses you.
The orc sorcerer gestures at you while chanting.
The bolt of negative energy hits your ynoxinul.
Your ynoxinul completely resists.
The bolt of negative energy hits you!!!
You feel drained.
You die...

______.#* , , , , *
______.# * * * * *
____...###########++#####
######'##................
.')))'.##......#..#......
,
######.##................
,
........'................
###'#####......#W.#......
†#..#[[##.......@3.......
.'..#))#####'#####'o#####
* .####.)##.......#*''#
.#..#))##.......# .... ,
.#..#..##.......#*.....
)#..#'###...<...#*..o..#
.......##.......# ...###
,* .......##.......# ..##
, #########.......#


You could see a phantasmal warrior, an orc sorcerer (ally target) and a friendly
ynoxinul (summoned).

Vanquished Creatures
  A black mamba (D)
  A fire bat (D)
  Menkaure (D)
  An ice beast (D)
  A necrophage (D)
  A black bear (D)
  A wolf (D)
  A centaur (D)
  A scorpion (D)
  4 wights (D)
  A quasit (D)
  An adder (D)
  A white imp (D)
  An ufetubus (D)
  A bat (D)
  A giant cockroach (D)
  2 kobolds (D)
  A quokka (D)
  2 ball pythons (D)
  A rat (D)
25 creatures vanquished.

Vanquished Creatures (collateral kills)
  A warg (D)
  A gnoll (D)
  A worm (D)
3 creatures vanquished.

Grand Total: 28 creatures vanquished

Notes
Turn   | Place    | Note
-------+----------+-------------------------------------------
     0 | D        | Groucho the Deep Dwarf Fighter began the quest for the Orb.
     0 | D        | Reached XP level 1. HP: 20/20 MP: 1/1
    37 | D        | Found a bloodstained altar of Trog.
    37 | D        | Found a shimmering blue altar of Sif Muna.
    37 | D        | Found a viscous altar of Jiyva.
    37 | D        | Found a hazy altar of Hepliaklqana.
    37 | D        | Found an opulent altar of Gozag.
    38 | D        | Found a glowing golden altar of the Shining One.
    38 | D        | Found a glowing silver altar of Zin.
    38 | D        | Found a basalt altar of Yredelemnul.
    38 | D        | Found a shimmering altar of Xom.
    38 | D        | Found an ornate altar of the Wu Jian Council.
    38 | D        | Found a sacrificial altar of Ru.
    38 | D        | Found a stormy altar of Qazlal.
    38 | D        | Found an iron altar of Okawaru.
    38 | D        | Found a sparkling altar of Nemelex Xobeh.
    38 | D        | Found a burning altar of Makhleb.
    38 | D        | Found a blossoming altar of Fedhas.
    38 | D        | Found a white marble altar of Elyvilon.
    38 | D        | Found a shadowy altar of Dithmenos.
    38 | D        | Found a snail-covered altar of Cheibriados.
    62 | D        | Found a radiant altar of Vehumet.
    62 | D        | Found a corrupted altar of Lugonu.
    63 | D        | Found an ancient bone altar of Kikubaaqudgha.
    63 | D        | Found a hide-covered altar of Uskayaw.
    63 | D        | Found a broken altar of Ashenzari.
    69 | D        | Became a worshipper of Makhleb the Destroyer
    85 | D        | Noticed a scorpion
    97 | D        | Killed a scorpion
    98 | D        | Reached skill level 3 in Invocations
    98 | D        | Reached XP level 2. HP: 6/30 MP: 1/4
    98 | D        | Reached XP level 3. HP: 7/36 MP: 1/5
   332 | D        | Reached * piety under Makhleb
   337 | D        | Reached skill level 5 in Armour
   337 | D        | Reached skill level 5 in Shields
   337 | D        | Reached skill level 4 in Invocations
   337 | D        | Reached XP level 4. HP: 32/44 MP: 5/7
   344 | D        | Noticed a necrophage
   358 | D        | Killed a necrophage
   358 | D        | Reached ** piety under Makhleb
   359 | D        | Reached skill level 5 in Fighting
   359 | D        | Reached skill level 5 in Axes
   359 | D        | Reached skill level 5 in Invocations
   359 | D        | Reached XP level 5. HP: 31/52 MP: 7/9
   544 | D        | Noticed an ice beast
   566 | D        | Killed an ice beast
   567 | D        | Reached skill level 6 in Invocations
   577 | D        | Reached *** piety under Makhleb
   578 | D        | Reached skill level 7 in Invocations
   578 | D        | Reached XP level 6. HP: 51/62 MP: 11/11
   692 | D        | Reached **** piety under Makhleb
   693 | D        | Reached skill level 8 in Invocations
  1153 | D        | Reached ***** piety under Makhleb
  1154 | D        | Reached XP level 7. HP: 34/72 MP: 13/13
  1157 | D        | Noticed a fire bat
  1167 | D        | Killed a fire bat
  1168 | D        | Reached skill level 9 in Invocations
  1169 | D        | Noticed Menkaure
  1178 | D        | Killed Menkaure
  1179 | D        | Reached skill level 10 in Invocations
  1915 | D        | Noticed a black mamba
  1918 | D        | Reached XP level 8. HP: 49/81 MP: 14/14
  1935 | D        | Killed a black mamba
  2048 | D        | Noticed a phantasmal warrior
  2048 | D        | Noticed an orc sorcerer
  2054 | D        | Killed from afar by an orc sorcerer

Illustrated notes

Levels and vault maps discovered:
D:        pitsprint [storerooms_1, entrance_room_1, metal_vault_4, armoury_1,
          mini_pit_1, grid_room_1, main_hall_1, silver_pit, the_coven_2,
          the_vestibule_1, steel_vault_5, golden_pit, hallway_of_sentries,
          crystal_vault_1, iron_vault_4, final_vault]

Skill      XL: |  1  2  3  4  5  6  7  8 |
---------------+-------------------------+-----
Fighting       | 4 5 7 8 |  8.2
Axes           | 4 5 6 7 9 |  9.5
Armour         | 4 5 6 7 8 9 |  9.9
Shields        | 4 5 6 7 8 9 |  9.9
Invocations    | 3 4 5 7 8 10 | 10.8

Action                   |  1- 3 |  4- 6 |  7- 9 || total
-------------------------+-------+-------+-------++-------
Melee: Hand axe          |    20 |    42 |       ||    62
       War axe           |     3 |    24 |    29 ||    56
Invok: Major Destruction |       |       |     2 ||     2
       Lesser Servant of |       |       |     2 ||     2
 Abil: Heal Wounds       |     1 |       |     2 ||     3
  Use: Potion            |       |     3 |     3 ||     6
Armor: Scale mail        |    13 |     2 |       ||    15
       Plate armour      |       |    36 |    19 ||    55
Dodge: Dodged            |     8 |    19 |    10 ||    37
Block: Buckler           |     9 |    20 |    11 ||    40
